 Dungeon Crawl Stone Soup version 0.26-a0-180-ge96aa7da28 (webtiles) character file.

Game seed: 7218300855896650154

41 Flugslaktarn the Chiller (level 3, -10/16 HPs)
             Began as a Vine Stalker Ice Elementalist on July 3, 2020.
             Mangled by Sigmund
             ... wielding a +0 scythe
              (13 damage)
             ... on level 2 of the Dungeon.
             The game lasted 00:02:28 (418 turns).

Flugslaktarn the Chiller (VSIE)                      Turns: 418, Time: 00:02:29

Health: -10/16     AC:  2    Str: 10    XL:     3   Next: 52%
Magic:  0/8        EV:  8    Int: 16    God:
Gold:   74         SH:  0    Dex: 14    Spells: 3/7 levels left

rFire    . . .     SeeInvis .   d - +0 short sword
rCold    . . .     Faith    .   (no shield)
rNeg     . . .     Spirit   +   a - +0 robe
rPois    .         Reflect  .   (no helmet)
rElec    .         Harm     .   (no cloak)
rCorr    .                      (no gloves)
MR       .....                  (no boots)
Stlth    ++........             (no amulet)
HPRegen  0.05/turn              b - -4 ring of evasion (curse)
MPRegen  0.11/turn              (no ring)

@: no status effects
A: fangs 2, magic shield, antimagic bite, no potion heal 3, rot immunity
a: no special abilities


You were on level 2 of the Dungeon.
You were not hungry.

You visited 1 branch of the dungeon, and saw 2 of its levels.

You collected 74 gold pieces.

Inventory:

Hand Weapons
 d - a +0 short sword (weapon)
   (You took it off a kobold on level 1 of the Dungeon)
Armour
 a - a +0 robe (worn)
Jewellery
 b - a cursed -4 ring of evasion (left hand)
   (You found it on level 1 of the Dungeon)
Scrolls
 e - a scroll of teleportation {unknown}
 f - a scroll of identify {unknown}
Comestibles
 c - 2 rations


   Skills:
 - Level 1.5 Dodging
 - Level 2.4 Stealth
 + Level 2.8 Spellcasting
 * Level 4.8 Ice Magic


You had 3 spell levels left.
You knew the following spells:

 Your Spells              Type           Power        Failure   Level  Hunger
a - Freeze                Ice            ###.         2%          1    #......
b - Frozen Ramparts       Ice            ###...       8%          3    ###....

Your spell library contained the following spells:

 Spells                   Type           Power        Failure   Level  Hunger
 Ozocubu's Armour         Chrm/Ice       ##......     22%         3    ###....
 Hailstorm                Conj/Ice       ##......     56%         4    #####..
 Summon Ice Beast         Ice/Summ       ##......     56%         4    #####..


Dungeon Overview and Level Annotations

Branches:
Dungeon (2/15)

Altars:

Annotations:
D:2 Sigmund


Innate Abilities, Weirdness & Mutations

You have extremely sharp teeth.
When hurt, damage is shared between your health and your magic reserves.
Your bite disrupts and absorbs the magic of your enemies.
Potions cannot restore your health.
You are immune to rotting.


Message History

Found a stone staircase leading down.
There is a stone staircase leading down here.
You climb downwards.
Found 14 gold pieces.
There is a stone staircase leading up here.
You now have 74 gold pieces (gained 14).
Found a hand axe.
Sigmund the Dreaded comes into view.
He is wielding a +0 scythe.
Sigmund shouts!
Sigmund casts a spell at you. The magic dart hits you!
* * * LOW HITPOINT WARNING * * *
Unknown command.
Casting: Freeze (safe; 2% risk of failure)
Confirm with . or Enter, or press ? or * to list all spells.
The spell is extremely dangerous to cast (8% risk of failure)!
Continue anyway?
The walls around you are covered in ice.
The wall freezes Sigmund.
Sigmund mumbles some strange words.
Sigmund flickers and vanishes!
Deactivating autopickup; reactivate with Ctrl-A.
Unknown command.
The wall freezes something.
The wall freezes something.
The wall freezes something.
The frozen ramparts melt away.
Casting: Frozen Ramparts (extremely dangerous; 8% risk of failure)
Confirm with . or Enter, or press ? or * to list all spells.
You can't see any susceptible monsters within range! (Use Z to cast anyway.)
Casting: Frozen Ramparts (extremely dangerous; 8% risk of failure)
Confirm with . or Enter, or press ? or * to list all spells.
The spell is extremely dangerous to cast (8% risk of failure)!
Continue anyway?
The walls around you are covered in ice.
The wall freezes something.
Something hits you.
* * * LOW HITPOINT WARNING * * *
Unknown command.
Unknown command.
Unknown command.
The wall freezes something.
The wall freezes something.
The wall freezes something.
Something hits you.
* * * LOW HITPOINT WARNING * * *
Unknown command.
The frozen ramparts melt away.
Unknown command.
Something hits you!
Ouch! That really hurt!
You die...

##### ## ..#.# .
#######)#<#.#
#.....#.#.#.##.#
#@###.#.#......#
#.#...#.....####
#.#.###..........
#.......#########
###.##### #@....#
#######


There were no monsters in sight!

Vanquished Creatures
  Natasha (D:2)
  An ooze (D:1)
  A goblin (D:1)
  2 hobgoblins (D:1)
  5 kobolds (D:1)
  2 bats (D:1)
  A rat (D:1)
13 creatures vanquished.

Notes
Turn   | Place    | Note
-------+----------+-------------------------------------------
     0 | D:1      | Flugslaktarn the Vine Stalker Ice Elementalist began the
                  | quest for the Orb.
     0 | D:1      | Reached XP level 1. HP: 9/9 MP: 4/4
   133 | D:2      | Noticed Natasha
   135 | D:2      | Noticed a crimson imp
   137 | D:2      | Killed Natasha
   137 | D:2      | Reached XP level 2. HP: 4/13 MP: 0/6
   137 | D:2      | Reached XP level 3. HP: 5/16 MP: 0/8
   188 | D:1      | Learned a level 3 spell: Frozen Ramparts
   388 | D:2      | Noticed Sigmund
   418 | D:2      | Mangled by Sigmund

Illustrated notes

Levels and vault maps discovered:
D:1:      psy_arrival_whirlpool, layout_basic, serial_bayou_crossing
D:2:      layout_basic, nicolae_overflow_hidden_temple,
          nemelex_spade_bored_becter, uniq_sigmund, uniq_natasha, uniq_jessica

Action                   || total
-------------------------++-------
Melee: Short sword       ||     4
 Cast: Freeze            ||    14
       Frozen Ramparts   ||     4
Armor: Robe              ||     3
Dodge: Dodged            ||    11

Table legend:
 A = Non-vault XP
 B = Vault XP
 C = Vault XP percentage of total XP
 D = Non-vault monster count
 E = Vault monster count
 F = Vault count percentage of total count
                 A         B        C        D         E       F
            +---------+---------+-------+---------+---------+-------
      Total |      24 |      35 |  59.3 |      12 |       1 |   7.7
            +---------+---------+-------+---------+---------+-------
        D:1 |      24 |       0 |   0.0 |      12 |       0 |   0.0
        D:2 |       0 |      35 | 100.0 |       0 |       1 | 100.0
            +---------+---------+-------+---------+---------+-------
